 Dungeon Crawl Stone Soup version 0.21.1-1-g345015f (webtiles) character file.

427 shakethe the Firebug (level 6, -7/45 HPs)
             Began as a Hill Orc Fire Elementalist on Feb 6, 2018.
             Killed from afar by an orc wizard (8 damage)
             ... with a puff of flame
             ... on level 3 of the Dungeon.
             The game lasted 00:19:25 (4194 turns).

shakethe the Firebug (Hill Orc Fire Elementalist)   Turns: 4194, Time: 00:19:28

Health: -7/45      AC:  2    Str:  8 (11) XL:     6   Next: 97%
Magic:  3/10       EV: 17    Int: 15 (17) God:
Gold:   84         SH:  0    Dex: 13 (16) Spells: 3/11 levels left

rFire    . . .     SeeInvis .   r - +0 hand axe
rCold    . . .     Gourm    .   (no shield)
rNeg     . . .     Faith    .   a - +0 robe
rPois    .         Spirit   .   (no helmet)
rElec    .         Reflect  .   (no cloak)
rCorr    .         Harm     .   (no gloves)
MR       .....                  (no boots)
Stlth    +++.......             (no amulet)
HPRegen  0.15/turn              (no ring)
MPRegen  0.12/turn              (no ring)

@: agile
A: no striking features
a: no special abilities


You were on level 3 of the Dungeon.
You were hungry.

You visited 1 branch of the dungeon, and saw 3 of its levels.

You collected 84 gold pieces.

Inventory:

Hand Weapons
 d - a +0 whip
 q - a +0 falchion of holy wrath
 r - a +0 hand axe (weapon)
Armour
 a - a +0 robe (worn)
 g - a +0 plate armour
 j - a +0 shield
Wands
 k - a wand of iceblast (3)
 l - a wand of polymorph (11)
Scrolls
 e - 6 scrolls of identify {unknown}
 h - a scroll of blinking {unknown}
 p - a scroll of fear {unknown}
Potions
 m - a potion of curing {unknown}
Books
 b - a book of Flames

   Spells                             Type                      Level
   a - Flame Tongue                   Conjuration/Fire             1
   b - Throw Flame                    Conjuration/Fire             2
   c - Conjure Flame                  Conjuration/Fire             3
   d - Inner Flame                    Hexes/Fire                   3
   e - Sticky Flame                   Conjuration/Fire             4
   f - Fireball                       Conjuration/Fire             5
 o - a book of Changes

   Spells                             Type                      Level
   a - Beastly Appendage              Transmutation                1
   b - Sticks to Snakes               Transmutation                2
   c - Spider Form                    Transmutation/Poison         3
   d - Ice Form                       Ice/Transmutation            4
   e - Blade Hands                    Transmutation                5
Comestibles
 c - 2 rations
 n - 7 chunks of flesh


   Skills:
 - Level 1.5 Dodging
 - Level 1.5 Stealth
 + Level 1.4 Shields
 + Level 3.3 Spellcasting
 + Level 3.8 Conjurations
 + Level 5.3 Fire Magic


You had 3 spell levels left.
You knew the following spells:

 Your Spells              Type           Power        Failure   Level  Hunger
a - Flame Tongue          Conj/Fire      ###..        3%          1    None
b - Sticky Flame          Conj/Fire      ###.....     28%         4    ####...
c - Conjure Flame         Conj/Fire      ###.....     9%          3    ###....


Dungeon Overview and Level Annotations

Branches:
Dungeon (3/15)

Altars:
Ashenzari
Cheibriados
Vehumet


Message History

Confirm with . or Enter, or press ? or * to list all spells.
Aiming: Flame Tongue
Press: ? - help, Shift-Dir - straight line Something barely misses you.
Something hits you.
* * * LOW HITPOINT WARNING * * *
Okay, then.
It was a potion of agility.
You feel agile all of a sudden.
You hear some strange, mumbled words.
A puff of flame appears from out of thin air!
The puff of flame hits you!
* * * LOW HITPOINT WARNING * * *
It was a potion of degeneration.
There was something very wrong with that liquid.
You feel weakened.
You feel dopey.
You feel clumsy.
You hear some strange, mumbled words.
A puff of flame appears from out of thin air!
The puff of flame hits you!
You die...

o.oo.# #.# #.# #g.#.
..##o#####.######.########
#.... #goow..........#.. ...#
#og..
#######.#####..#.####.####{#..
#.#...#..#.#.g..g.##.###
#..###....go..o.#..o....
##.###...##.###..####.##.
#.###....g#o###..# #.##.
#.##....@.g......# #..).
#.###.....#####.## ##.#)
##(###...## .... #.#.
##.###.## .....# #.#) ##...)#
#.....# #.## ####.#####.....#
#.## #.......##.....# #...
#.##.##.######## ##..
#.##.##.# #########.>


You could see an orc, a hobgoblin and a goblin.

Vanquished Creatures
  The ghost of ceb the Skirmisher, an amateur HOFi (D:3)
  An orc priest (D:3)
  Ijyb (D:2)
  A worker ant (D:3)
  Natasha (thrice) (D:2)
  Robin (D:2)
  An adder (D:2)
  3 worms
  4 dart slugs
  9 orcs
  4 bats
  22 goblins
  10 hobgoblins
  2 jackals (D:2)
  12 kobolds
  A quokka (D:2)
  4 frilled lizards
  9 rats
89 creatures vanquished.

Notes
Turn   | Place    | Note
-------+----------+-------------------------------------------
     0 | D:1      | shakethe the Hill Orc Fire Elementalist began the quest for the Orb.
     0 | D:1      | Reached XP level 1. HP: 14/14 MP: 3/3
   147 | D:1      | Reached XP level 2. HP: 19/20 MP: 2/4
   411 | D:1      | Reached XP level 3. HP: 23/26 MP: 3/6
  1260 | D:2      | Reached skill level 4 in Fire Magic
  1553 | D:2      | Reached XP level 4. HP: 17/33 MP: 7/7
  1878 | D:2      | Noticed Robin
  1932 | D:2      | Killed Robin
  2101 | D:2      | Noticed Ijyb
  2133 | D:2      | Killed Ijyb
  2133 | D:2      | Reached XP level 5. HP: 25/38 MP: 0/8
  2223 | D:2      | Noticed Natasha
  2234 | D:2      | Killed Natasha
  2439 | D:2      | Found a snail-covered altar of Cheibriados.
  2606 | D:2      | Noticed Natasha
  2615 | D:2      | Killed Natasha
  3289 | D:2      | Noticed Natasha
  3305 | D:2      | Killed Natasha
  3590 | D:3      | Learned a level 4 spell: Sticky Flame
  3594 | D:3      | Learned a level 3 spell: Conjure Flame
  3603 | D:3      | Found a shattered altar of Ashenzari.
  3663 | D:3      | Reached XP level 6. HP: 33/45 MP: 5/10
  4022 | D:3      | Reached skill level 5 in Fire Magic
  4077 | D:3      | Found a radiant altar of Vehumet.
  4087 | D:3      | Noticed ceb's ghost (amateur HOFi)
  4106 | D:3      | Killed ceb's ghost
  4106 | D:3      | Reached skill level 1 in Shields
  4193 | D:3      | HP: 1/45 [something/puff of flame (2)]
  4194 | D:3      | Killed from afar by an orc wizard

Skill      XL: |  1  2  3  4  5  6 |
---------------+-------------------+-----
Spellcasting   | 2 3 |  3.3
Conjurations   | 2 3 |  3.8
Fire Magic     | 4 5 |  5.3
Shields        | 1 |  1.4
Dodging        | |  1.5
Stealth        | |  1.5

Action                   |  1- 3 |  4- 6 || total
-------------------------+-------+-------++-------
Melee: Whip              |    59 |    49 ||   108
       Unarmed           |       |     6 ||     6
       Hand axe          |       |     3 ||     3
 Cast: Flame Tongue      |    48 |    93 ||   141
       Conjure Flame     |       |     7 ||     7
  Use: Potion            |       |     2 ||     2
 Stab: Sleeping          |       |     1 ||     1
  Eat: Ration            |     1 |     1 ||     2
       Chunk             |       |     5 ||     5
Armor: Robe              |     7 |    22 ||    29
Dodge: Dodged            |    32 |    77 ||   109
